 Dungeon Crawl Stone Soup version 0.19.1 (webtiles) character file.

585 Nydiazath the Archer (level 7, -6/55 HPs)
             Began as a Centaur Hunter on Dec 21, 2016.
             Was an Initiate of Okawaru.
             Shot with an arrow by a centaur (9 damage)
             ... on level 5 of the Dungeon.
             The game lasted 00:07:57 (3260 turns).

Nydiazath the Archer (Centaur Hunter)               Turns: 3260, Time: 00:07:58

Health: -6/55      AC:  5    Str: 16    XL:     7   Next: 14%
Magic:  7/7        EV:  9    Int: 10    God:    Okawaru [......]
Gold:   223        SH:  0    Dex: 12    Spells: 0 memorised, 6 levels left

rFire  . . .     SeeInvis .     a - +1 shortbow
rCold  . . .     Gourm    .     c - +0 leather armour
rNeg   . . .     Faith    .     (shield currently unavailable)
rPois  .         Spirit   .     (no helmet)
rElec  .         Reflect  .     D - +0 cloak (curse)
rCorr  .         Harm     .     (no gloves)
MR     .....                    (no barding)
Stlth  +.........               (no amulet)
                                (no ring)
                                j - +2 ring of strength

@: very quick
A: hooves 3, deformed body, speed 2, tough skin 3
a: Renounce Religion


You were on level 5 of the Dungeon.
You worshipped Okawaru.
Okawaru was noncommittal.
You were hungry.

You visited 2 branches of the dungeon, and saw 6 of its levels.

You collected 223 gold pieces.

Inventory:

Hand Weapons
 a - a +1 shortbow (weapon)
 b - a +0 short sword
Missiles
 d - 9 arrows (quivered)
Armour
 c - a +0 leather armour (worn)
 D - a cursed +0 cloak (worn)
Jewellery
 j - a +2 ring of strength (left hand)
Wands
 y - a wand of acid (8/15)
Scrolls
 g - a scroll of enchant armour {unknown}
 k - 2 scrolls of recharging {unknown}
 n - 6 scrolls of identify {unknown}
 t - 3 scrolls of random uselessness {unknown}
 u - a scroll of immolation {unknown}
 z - a scroll of blinking {unknown}
 A - 3 scrolls of remove curse {unknown}
 B - a scroll of fog {unknown}
 C - a scroll of teleportation {unknown}
Potions
 e - 3 potions of brilliance {unknown}
 p - a potion of magic {unknown}
 q - a potion of lignification {unknown}
 r - 3 potions of ambrosia {unknown}
 s - 2 potions of resistance {unknown}
 w - 2 potions of curing {unknown}
 x - a potion of cancellation {unknown}
Books
 v - a book of Misfortune

   Spells                             Type                      Level
   a - Confusing Touch                Hexes                        1
   b - Confuse                        Hexes                        3
   c - Gell's Gravitas                Hexes/Translocation          3
   d - Petrify                        Transmutation/Earth          4
   e - Metabolic Englaciation         Hexes/Ice                    5
   f - Yara's Violent Unravelling     Hexes/Transmutation          5
Comestibles
 f - 6 bread rations
 h - a meat ration
 i - a beef jerky
 l - 5 fruits
 m - 2 royal jellies
 o - a slice of pizza
 E - a chunk of flesh


   Skills:
 - Level 2.0 Fighting
 + Level 11.2 Bows
 - Level 1.3 Dodging
 - Level 0.4 Stealth


You had 6 spell levels left.
You didn't know any spells.

Dungeon Overview and Level Annotations

Branches:
Dungeon (5/15)             Temple (1/1) D:4

Altars:
Ashenzari
Cheibriados
Dithmenos
Elyvilon
Fedhas
Gozag
Hepliaklqana
Kikubaaqudgha
Makhleb
Okawaru
Qazlal
Ru
Sif Muna
Uskayaw
Vehumet
Xom
Zin
The Shining One


Innate Abilities, Weirdness & Mutations

You have hooves in place of feet.
Armour fits poorly on your strangely shaped body.
You cover ground very quickly.
You have extremely tough skin. (AC +3)


Message History

You shoot an arrow. The arrow hits the bullfrog zombie!
The bullfrog zombie is almost destroyed.
You are feeling hungry.
The bullfrog zombie hits you but does no damage.
The worker ant bites you.
The centaur shoots an arrow.
The arrow hits you.
An orc comes into view. It is wielding a flail.
The orc shouts!
d - 9 arrows (gained 4)
The centaur shoots an arrow.
The arrow hits you. The bullfrog zombie hits you. The worker ant bites you.
The bullfrog zombie closely misses you.
The centaur shoots an arrow.
The arrow hits you.
The worker ant waves its antennae.
The centaur shoots an arrow.
The arrow hits you!
* * * LOW HITPOINT WARNING * * *
You see here an arrow.
The centaur shoots an arrow.
The arrow hits you.
* * * LOW HITPOINT WARNING * * *
You see here an arrow.
The centaur shoots an arrow.
The arrow hits you!
You die...

.......................
............†..........
.........c.............
.......................
.......................
##.......Za..#.#######
#######.(.#.#.#
##(...#.#
#############@.###
....#..........#
######............#
......................
.......................
.......................
......................#
...........[.....#..#.#
.................##.#.#


You could see a centaur, a worker ant and a bullfrog zombie.

Vanquished Creatures
  Sigmund (D:4)
  Blork the orc (D:4)
  Ijyb (D:3)
  An iguana (D:4)
  5 worker ants
  A hound skeleton (D:5)
  7 adders
  An adder skeleton (D:5)
  3 worms
  A dart slug (D:1)
  5 leopard geckos
  7 orcs
  2 ball pythons
  5 giant cockroaches
  6 goblins
  9 hobgoblins
  7 jackals
  A quokka (D:3)
  5 bats
  6 frilled lizards
  9 kobolds
  5 rats
89 creatures vanquished.

Notes
Turn   | Place    | Note
-------+----------+-------------------------------------------
     0 | D:1      | Nydiazath the Centaur Hunter began the quest for the Orb.
     0 | D:1      | Reached XP level 1. HP: 17/17 MP: 1/1
   223 | D:1      | Reached XP level 2. HP: 24/24 MP: 2/2
   253 | D:1      | Reached skill level 6 in Bows
   986 | D:2      | Reached XP level 3. HP: 29/29 MP: 3/3
  1051 | D:2      | Reached skill level 7 in Bows
  1411 | D:2      | Found a stormy altar of Qazlal.
  1442 | D:2      | Reached XP level 4. HP: 36/36 MP: 4/4
  1532 | D:3      | Found a faded altar of an unknown god.
  1761 | D:3      | Noticed Ijyb
  1770 | D:3      | Killed Ijyb
  1770 | D:3      | Reached skill level 8 in Bows
  1871 | D:3      | Found a shattered altar of Ashenzari.
  1968 | D:3      | Reached XP level 5. HP: 28/41 MP: 5/5
  1987 | D:3      | Found a burning altar of Makhleb.
  2316 | D:4      | Found a white marble altar of Elyvilon.
  2333 | D:4      | Reached skill level 9 in Bows
  2405 | D:4      | Noticed Sigmund
  2413 | D:4      | Killed Sigmund
  2413 | D:4      | Reached skill level 10 in Bows
  2413 | D:4      | Reached XP level 6. HP: 33/48 MP: 6/6
  2427 | D:4      | Found a staircase to the Ecumenical Temple.
  2428 | D:4      | Noticed Blork the orc
  2440 | D:4      | Killed Blork the orc
  2456 | Temple   | Entered the Ecumenical Temple
  2466 | Temple   | Became a worshipper of Warmaster Okawaru
  2678 | D:4      | Reached skill level 11 in Bows
  2678 | D:4      | Reached XP level 7. HP: 36/55 MP: 7/7
  3129 | D:5      | Entered Level 5 of the Dungeon
  3259 | D:5      | HP: 2/55 [centaur/arrow (6)]
  3260 | D:5      | Shot with an arrow by a centaur

Skill      XL: |  1  2  3  4  5  6 |
---------------+-------------------+-----
Bows           | 6 7 8 10 11 | 11.2
Fighting       | |  2.0
Dodging        | |  1.3
Stealth        | |  0.4

Action                   |  1- 3 |  4- 6 |  7- 9 || total
-------------------------+-------+-------+-------++-------
Melee: Short sword       |       |       |     6 ||     6
       Kick              |       |       |     4 ||     4
 Fire: Shortbow          |   105 |   171 |    41 ||   317
  Eat: Chunk             |       |     3 |     1 ||     4
Armor: Leather armour    |    19 |    26 |     3 ||    48
Dodge: Dodged            |    18 |    34 |     9 ||    61
